 Dungeon Crawl Stone Soup version 0.31-a0-859-g9dce7d3444 (webtiles) character file.

Game seed: 1974660086937626385

11363 Aneyh the Impaler (level 11, -5/64 HPs)
             Began as a Tengu Monk on Oct 9, 2023.
             Was a High Priest of Hepliaklqana.
             Slain by a slime creature (10 damage)
             ... on level 12 of the Dungeon.
             The game lasted 00:16:28 (11597 turns).

Aneyh the Impaler (Tengu Monk)                     Turns: 11597, Time: 00:16:28

Health: -5/64      AC:  6    Str: 27    XL:     11   Next: 76%
Magic:  0/12       EV: 17    Int: 15    God:    Hepliaklqana [*****.]
Gold:   1130       SH:  0    Dex: 16    Spells: 10/10 levels left

rFire   . . .        a - +3 glaive (venom)
rCold   . . .        (shield currently unavailable)
rNeg    . . .        K - +0 steam dragon scales
rPois   +            (helmet restricted)
rElec   .            X - +0 cloak
rCorr   .            (no gloves)
SInv    .            (boots unavailable)
Will    .....        k - amulet of guardian spirit
Stlth   +            l - +6 ring of strength
HPRegen 0.30/turn    R - ring "Rufyscho" {rPois Str+6 Int+3}
MPRegen 0.13/turn

%: acrobat, guardian spirit
@: confused, ambrosia-drunk, flying
A: reduced essence, beak, talons 3, evasive flight, acrobatic
a: Renounce Religion, Recall Ancestor, Ancestor Identity, Transference, Idealise


You were on level 12 of the Dungeon.
You worshipped Hepliaklqana.
Hepliaklqana was extremely pleased with you.
You visited 1 branch of the dungeon, and saw 12 of its levels.
You also visited: Ossuary.

You collected 1346 gold pieces.
You spent 216 gold pieces at shops.

Inventory:

Hand Weapons
 a - a +3 glaive of venom (weapon)
 b - a +0 arbalest
 v - a +0 trident
 B - a +2 flail of protection
 J - a +2 scimitar of flaming
 M - the +1 war axe "Uddonih" {chaos, Str+4 SInv}
   (You found it on level 6 of the Dungeon)

   Str+4:     It affects your strength (+4).
   SInv:      It lets you see invisible.
 U - a +1 great mace of protection
 Y - a +2 short sword of draining
Missiles
 p - 25 poisoned darts
 y - 3 throwing nets
 F - 4 silver javelins (quivered)
Armour
 C - a +2 chain mail of fire resistance
 K - +0 steam dragon scales (worn)
 N - the +3 scale mail of Veifaigo {rN++ rCorr Dex+4}
   (You found it on level 7 of the Dungeon)

   Dex+4:     It affects your dexterity (+4).
   rN++:      It greatly protects you from negative energy.
   rCorr:     It protects you from acid and corrosion.
 X - a +0 cloak (worn)
Jewellery
 k - an amulet of guardian spirit (around neck)
 l - a +6 ring of strength (left hand)
 m - a ring of protection from cold
 t - a +6 ring of intelligence
 w - a +4 ring of protection
 A - a ring of resist corrosion
 R - the ring "Rufyscho" (right hand) {rPois Str+6 Int+3}
   (You found it on level 12 of the Dungeon)

   [ring of strength]

   Str+6:     It affects your strength (+6).
   Int+3:     It affects your intelligence (+3).
   rPois:     It protects you from poison
 T - a ring of see invisible
Wands
 E - a wand of paralysis (16)
 I - a wand of quicksilver (8)
Scrolls
 c - 2 scrolls of enchant armour
 h - a scroll of torment {unknown}
 i - 6 scrolls of noise
 n - 3 scrolls of immolation {unknown}
 o - a scroll of blinking
 q - 4 scrolls of amnesia
 r - 5 scrolls of fog
 s - 5 scrolls of teleportation
 G - a scroll of silence
 H - 3 scrolls of revelation
 L - a scroll of brand weapon
 Q - a scroll of vulnerability {unknown}
Potions
 d - 3 potions of attraction {unknown}
 e - 3 potions of lignification
 g - 3 potions of invisibility {unknown}
 j - 4 potions of curing
 u - 4 potions of enlightenment
 z - 2 potions of mutation {unknown}
 D - 5 potions of might {unknown}
 O - 4 potions of ambrosia
 P - 2 potions of brilliance {unknown}
 S - a potion of heal wounds {unknown}
 V - 2 potions of berserk rage {unknown}
 W - a potion of haste {unknown}


   Skills:
 - Level 10.1 Fighting
 + Level 17.0 Polearms
 - Level 3.3 Dodging


You had 10 spell levels left.
You didn't know any spells.
Your spell library contained the following spells:

 Spells                   Type           Power      Damage    Failure   Level
 Cigotuvi's Dreadful Rot  Necr/Pois/Air  0%         N/A       38%         2
 Scorch                   Fire           0%         2d5       38%         2
 Ignite Poison            Fire/Tmut/Pois 0%         N/A       63%         3
 Flame Wave               Conj/Fire      0%         2d4       95%         4
 Freezing Cloud           Conj/Ice/Air   0%         6-21      100%        5
 Summon Cactus Giant      Summ           0%         N/A       100%        6


Dungeon Overview and Level Annotations

Branches:
Dungeon (12/15)            Temple (0/1) D:6            Lair (0/5) D:9
    Orc (0/2) D:10        Ossuary (visited)

Altars:
Cheibriados
Elyvilon
Gozag
Hepliaklqana
Ru
Sif Muna
Vehumet
Wu Jian

Shops:
D:2 *   D:12 ?


Innate Abilities, Weirdness & Mutations

Your life essence is reduced to manifest your ancestor. (-10% HP)
You have a beak for a mouth.
You have claws for feet.
Your magical flight helps you evade attacks. (EV +4)
You can magically evade attacks while moving or waiting.


Message History

You reach to attack!
You slash the enormous slime creature!
The enormous slime creature is moderately wounded.
A large slime creature splits.
Tertia blocks the enormous slime creature's attack.
The slime creature hits you!
Tertia hits the slime creature with a +0 flail!
The slime creature hits Tertia.
The enormous slime creature hits Tertia!!!!
Tertia is destroyed!
The slime creature attacks as it pursues you!
The slime creature completely misses you.
The slime creature attacks as it pursues you!
The slime creature barely misses you.
Two slime creatures merge to form a large slime creature.
Two slime creatures merge to form a titanic slime creature.
You see here a +2 mace of protection.
There is a stone staircase leading up here.
You slash the slime creature!
You claw the slime creature, but do no damage.
You peck the slime creature.
The slime creature is moderately wounded.
The slime creature hits you!
You slice the slime creature!! You claw the slime creature.
You peck the slime creature.
The slime creature is severely wounded.
The slime creature hits you!
You hit the slime creature.
The slime creature is poisoned.
Your kick misses the slime creature.
The slime creature is severely wounded.
The slime creature closely misses you.
Two slime creatures merge to form a large slime creature.
The slime creature hits you!
* * * LOW HITPOINT WARNING * * *
The slime creature attacks as it pursues you!
The slime creature completely misses you.
The slime creature hits you!!
* * * LOW HITPOINT WARNING * * *
You are confused.
You feel invigorated. The slime creature hits you!
You die...

### ### ##.# #####.#
###..######..##.##
###.....#..#.......#
######..................#
...#......<..).........##
....#............##.####
#.###.......)..J.####
....#....#)....J@#
.....#####.......##
......J...†.......##
......J............#
............#####.###
..#..........###....#
.##...........##...###
###..................#
#.##...............###


You could see a large slime creature and a slime creature (very poisoned).

Vanquished Creatures
  2 ugly things (D:11)
  3 manticores (D:12)
  3 cyclopes
  2 gargoyles (D:12)
  A yaktaur (D:12)
  A vampire (D:11)
  A wraith (D:9)
  4 yaks
  2 vampire mosquitoes (D:12)
  A swamp worm (D:9)
  Edmund (D:4)
  A warg (D:10)
  Duvessa (D:7)
  2 hornet zombies (Ossuary)
  2 orc warriors
  2 sky beasts
  2 black bears
  An ogre (D:3)
  4 centaurs
  2 phantoms
  A bullfrog (D:7)
  2 kobold brigands
  3 scorpions
  A water moccasin zombie (Ossuary)
  A wyvern zombie (Ossuary)
  A gnoll sergeant (D:9)
  Dowan (D:7)
  10 killer bees
  6 howler monkeys
  6 bullfrog zombies (Ossuary)
  4 centaur zombies (Ossuary)
  3 hounds
  A gnoll bouda (D:8)
  2 jellies (D:5)
  An orc priest (D:4)
  2 iguanas
  A sleepcap (D:5)
  6 orc wizards
  A killer bee zombie (Ossuary)
  12 mummies
  Robin (D:3)
  9 gnolls
  7 adders
  2 shadow imps
  A white imp (D:7)
  2 worms
  3 dart slugs (D:1)
  29 orcs
  4 ball pythons
  7 bats
  5 endoplasms
  4 giant cockroaches
  20 goblins
  4 hobgoblins
  3 jackals (D:3)
  4 quokkas
  A frilled lizard (D:3)
  17 kobolds
  2 rats (D:3)
228 creatures vanquished.

Vanquished Creatures (collateral kills)
  A cyclops (D:9)
  Maggie (D:6)
  3 yaks
  A swamp worm (D:9)
  An acid dragon (D:8)
  2 orc warriors
  An ogre (D:6)
  A kobold brigand (D:6)
  A water moccasin zombie (Ossuary)
  A killer bee (D:8)
  A bullfrog zombie (Ossuary)
  3 orc priests
  3 mummies (Ossuary)
  A sleepcap (D:8)
  4 orc wizards
  An iguana (D:5)
  An adder (D:4)
  2 gnolls (D:8)
  A worm (D:3)
  10 orcs
  A bat (D:3)
  An endoplasm (D:3)
  2 hobgoblins (D:3)
  4 goblins (D:3)
  7 kobolds
55 creatures vanquished.

Vanquished Creatures (others)
  5 knights
5 creatures vanquished.

Grand Total: 288 creatures vanquished

Notes
Turn   | Place    | Note
-------+----------+-------------------------------------------
     0 | D:1      | Aneyh the Tengu Monk began the quest for the Orb.
     0 | D:1      | Reached XP level 1. HP: 14/14 MP: 2/2
   157 | D:1      | Reached XP level 2. HP: 19/19 MP: 3/3
   185 | D:1      | Reached skill level 4 in Polearms
   294 | D:1      | Reached XP level 3. HP: 19/23 MP: 4/4
   868 | D:2      | Found Jadghosha's General Store.
  1127 | D:2      | Found a faded altar of an unknown god.
  1456 | D:3      | Reached XP level 4. HP: 29/29 MP: 5/5
  1481 | D:3      | Found a hazy altar of Hepliaklqana.
  1491 | D:3      | Became a worshipper of Hepliaklqana the Forgotten
  1491 | D:3      | Reached * piety under Hepliaklqana
  1491 | D:3      | Reached ** piety under Hepliaklqana
  1498 | D:3      | Remembered your ancestor Tertia as a knight
  1504 | D:3      | Noticed Robin
  1526 | D:3      | Killed Robin
  1637 | D:3      | Reached skill level 5 in Fighting
  1655 | D:3      | Reached XP level 5. HP: 31/31 MP: 6/6
  1702 | D:3      | Found an opulent altar of Gozag.
  1788 | D:3      | Noticed an ogre
  1798 | D:3      | Killed an ogre
  2026 | D:4      | Reached XP level 6. HP: 36/36 MP: 7/7
  2255 | D:4      | Noticed Edmund
  2273 | D:4      | Killed Edmund
  2274 | D:4      | Gained mutation: Your magical flight helps you evade
                  | attacks. (EV +4) [Tengu growth]
  2274 | D:4      | Reached XP level 7. HP: 13/43 MP: 3/8
  2626 | D:5      | Entered Level 5 of the Dungeon
  3157 | D:5      | Reached *** piety under Hepliaklqana
  3239 | D:5      | Reached XP level 8. HP: 49/50 MP: 9/9
  3476 | D:6      | Identified the +1 war axe "Uddonih" {chaos, Str+4 SInv}
  3675 | D:6      | Noticed Maggie
  3689 | D:6      | HP: 2/50 [Maggie/bolt of fire (21)]
  3694 | D:6      | Killed Maggie
  3695 | D:6      | Reached skill level 5 in Polearms
  4121 | D:6      | Reached skill level 6 in Polearms
  4125 | D:6      | Reached skill level 10 in Fighting
  4337 | D:6      | Found a staircase to the Ecumenical Temple.
  4369 | D:6      | Identified 2 scrolls of acquirement
  4387 | D:6      | Acquired 730 gold pieces
  4389 | D:6      | Acquired a +1 glaive of venom
  4435 | D:6      | Reached skill level 7 in Polearms
  4435 | D:6      | Reached XP level 9. HP: 55/55 MP: 10/10
  4680 | D:6      | Found a snail-covered altar of Cheibriados.
  5124 | D:7      | Identified the +3 scale mail of Veifaigo {rN++ rCorr Dex+4}
  5180 | D:7      | Reached skill level 8 in Polearms
  5256 | D:7      | Found a sand-covered staircase.
  5263 | Ossuary  | Entered an ossuary
  5327 | Ossuary  | Reached skill level 9 in Polearms
  5380 | Ossuary  | Reached skill level 10 in Polearms
  5732 | D:7      | Found a radiant altar of Vehumet.
  5736 | D:7      | Reached **** piety under Hepliaklqana
  5776 | D:7      | Reached skill level 11 in Polearms
  5896 | D:7      | Found a white marble altar of Elyvilon.
  6078 | D:7      | Found a sacrificial altar of Ru.
  6265 | D:7      | Noticed Dowan
  6266 | D:7      | Noticed Duvessa
  6271 | D:7      | Killed Dowan
  6277 | D:7      | Killed Duvessa
  6278 | D:7      | Reached XP level 10. HP: 35/61 MP: 8/11
  7093 | D:8      | Reached skill level 12 in Polearms
  7758 | D:9      | Reached ***** piety under Hepliaklqana
  7854 | D:9      | Found a staircase to the Lair.
  8115 | D:9      | Noticed a cyclops
  8121 | D:9      | Killed a cyclops
  8122 | D:9      | Reached skill level 13 in Polearms
  8439 | D:9      | Found an ornate altar of the Wu Jian Council.
  8581 | D:9      | Identified the +0 buckler of Hedging {-Tele +Inv Int+5
                  | Stlth+}
  8829 | D:9      | Found a shimmering blue altar of Sif Muna.
  8890 | D:10     | Entered Level 10 of the Dungeon
  9176 | D:10     | Reached skill level 14 in Polearms
  9309 | D:10     | Found a staircase to the Orcish Mines.
  9339 | D:10     | Reached XP level 11. HP: 18/64 MP: 4/12
 10013 | D:11     | Noticed a white ugly thing
 10021 | D:11     | Killed a white ugly thing
 10022 | D:11     | Reached skill level 15 in Polearms
 10173 | D:11     | Noticed a cyclops
 10184 | D:11     | Killed a cyclops
 10186 | D:11     | Noticed a red ugly thing
 10262 | D:11     | Killed a red ugly thing
 10614 | D:11     | Identified the +0 ring mail "Gusosi" {rN+ Dex+3}
 10898 | D:12     | Reached skill level 16 in Polearms
 10996 | D:12     | Identified the ring "Rufyscho" {rPois Str+6 Int+3}
 10998 | D:12     | Found Exessai's Magic Scroll Shoppe.
 11115 | D:12     | Noticed a manticore
 11132 | D:12     | Killed a manticore
 11273 | D:12     | Bought 2 scrolls of identify for 64 gold pieces
 11273 | D:12     | Bought a scroll of identify for 32 gold pieces
 11273 | D:12     | Bought a scroll of revelation for 120 gold pieces
 11291 | D:12     | Noticed a cyclops
 11299 | D:12     | Killed a cyclops
 11300 | D:12     | Noticed a manticore
 11302 | D:12     | Noticed a manticore
 11474 | D:12     | Killed a manticore
 11478 | D:12     | Killed a manticore
 11554 | D:12     | Noticed a cyclops
 11560 | D:12     | Killed a cyclops
 11561 | D:12     | Reached skill level 17 in Polearms
 11596 | D:12     | HP: 1/64 [slime creature (14)]
 11597 | D:12     | Slain by a slime creature

Illustrated notes

Levels and vault maps discovered:
D:1:      minmay_arrival_shattered_statue, layout_loops_cross
D:2:      layout_basic, serial_shops, nicolae_square_shop,
          dilly_ecumenical_altar_fadedgnrine, kennysheep_path_1,
          minmay_misc_feat_ornament
D:3:      layout_rooms, nicolae_gozag_seed_capital,
          mainiacjoe_overflow_alcove_1, chequers_jeans, grunt_ministairs_8,
          minmay_ogre_servants, uniq_robin
D:4:      layout_basic, lemuel_round_altar, uniq_edmund
D:5:      layout_loops_ring, corexii_shack, serial_bayou_lake_a
D:6:      layout_basic, slow_altar_2, minmay_temple_entry_glassed_door,
          uniq_maggie
D:7:      layout_layer_cave, nicolae_vehumet_radiance,
          nicolae_ru_the_path_less_chosen, elyvilon_altar_1,
          gup_ossuary_entry_pyramid, due_unseen_surprise, uniq_duvessa
D:8:      layout_loops_ring
D:9:      layout_stronghold, nzn_wu_jian_contemplation,
          kennysheep_orc_sif_temple, lair_entry_dummy, worms_lemuel
D:10:     layout_basic, david_orc_1_choice
D:11:     layout_loops_cross
D:12:     layout_cave_pools, serial_shops, shop

Skill      XL: |  1  2  3  4  5  6  7  8  9 10 11 |
---------------+----------------------------------+-----
Polearms       | 4 7 11 14 17 | 17.0
Fighting       | 4 5 6 7 9 10 | 10.1
Dodging        | |  3.3

Action                     |  1- 3 |  4- 6 |  7- 9 | 10-12 || total
---------------------------+-------+-------+-------+-------++-------
  Melee: Spear             |    88 |   114 |       |       ||   202
         Kick              |    18 |    27 |    57 |    59 ||   161
         Peck              |     5 |    13 |    33 |    26 ||    77
         Trident           |       |    16 |   126 |       ||   142
         Punch             |       |       |     1 |       ||     1
         Glaive            |       |       |   123 |   268 ||   391
   Fire: Arbalest          |       |       |       |     2 ||     2
 Invoke: Ancestor Life: Kn |       |     1 |       |       ||     1
         Recall Ancestor   |       |       |     1 |     2 ||     3
    Use: Potion            |       |     1 |       |     2 ||     3
         Scroll            |       |       |     9 |    11 ||    20
   Stab: Sleeping          |     8 |     1 |     3 |     1 ||    13
         Distracted        |       |     1 |     1 |     1 ||     3
 Armour: Robe              |    19 |    51 |    39 |       ||   109
         Steam dragon scal |       |       |    44 |   106 ||   150
  Dodge: Dodged            |    33 |    58 |   133 |   160 ||   384

Table legend: (Time is in decaauts)
 A = Elapsed time spent in this place.
 B = Non-inter-level travel time spent in this place.
 C = Inter-level travel time spent in this place.
 D = Time resting spent in this place.
 E = Time spent auto-exploring this place.
 F = Levels seen in this place.
 G = Mean time per level.
                   A        B        C        D        E       F      G
               +--------+--------+--------+--------+--------+-----+--------+
         Total |  11609 |  11209 |    400 |   1920 |   7452 |  13 |  893.0 |
       Dungeon |  11187 |  10787 |    400 |   1920 |   7193 |  12 |  932.2 |
       Ossuary |    421 |    421 |      0 |      0 |    259 |   1 |  421.0 |
               +--------+--------+--------+--------+--------+-----+--------+

Top non-repeatable levels by time:
     D:6: 1806 daAuts
     D:9: 1296 daAuts
     D:7: 1234 daAuts
    D:11: 1140 daAuts
    D:10: 982 daAuts
     D:8: 856 daAuts
     D:5: 691 daAuts
     D:1: 691 daAuts
     D:2: 662 daAuts
     D:3: 635 daAuts
     D:4: 616 daAuts
    D:12: 575 daAuts
 Ossuary: 421 daAuts
